AoeStats
← owengold23

Arabia

507429326Analyzed
1v1 RM · 15d ago on Sep 18, 2026· 57m 8s· 2 players
Game mode
Random Map
Map size
Tiny (2 player)
Population
200
Speed
Normal
Resources
Standard
Victory
Conquest
Starting age
Dark Age
Ending age
Imperial Age
RankedLock teamsTeams togetherTeam positionsShared explorationLock speedFull tech treeHidden civsTurbo modeCheats
Victory
Defeat
🇦🇺 Koreans · Australia
1651
+17
🇨🇱 Jurchens · Chile
1682
-17
owengold23
5:38 Loom
8:49 Feudal Age
9:21 Double-Bit Axe
9:47 Town Watch
14:38 Fletching
26:18 Castle Age
26:28 Elite Skirmisher
27:04 Bodkin Arrow
27:28 Bow Saw
31:41 Horse Collar
34:14 Wheelbarrow
45:25 Imperial Age
43:24 Scale Mail Armor
43:34 Forging
45:54 Chain Mail Armor
48:05 Plate Mail Armor
48:51 Squires
50:14 Iron Casting
50:29 Elite Fire Lancer
52:03 Bracer
53:45 Heavy Plow
54:17 Ballistics
55:09 Chemistry
54:56 Masonry
55:59 Two-Man Saw
55:19 Stone Mining
55:19 Gold Mining
J40 | Berto
6:54 Loom
9:02 Feudal Age
9:56 Man-at-Arms
12:06 Double-Bit Axe
14:05 Fletching
15:06 Padded Archer Armor
25:55 Castle Age
26:02 Elite Skirmisher
26:44 Bodkin Arrow
28:01 Leather Archer Armor
28:43 Ballistics
30:38 Bow Saw
31:34 Wheelbarrow
30:59 Town Watch
46:57 Imperial Age
47:46 Scale Barding Armor
48:14 Conscription
49:27 Chain Barding Armor
50:39 Bracer
51:25 Ring Archer Armor
51:02 Horse Collar
52:45 Chemistry
52:56 Plate Barding Armor
Connection lost

Rejoining the realm…

Still unreachable

The connection could not be restored.

Session expired

The server has moved on; the page needs a fresh start.